 Dungeon Crawl Stone Soup version 0.28-a0-1234-g826d19b2e0 (webtiles) character file.

Game seed: 8629526925358995135

7840 pokeman the Thaumaturge (level 11, -8/60 HPs)
             Began as a Deep Elf Hedge Wizard on Dec 22, 2021.
             Was a Believer of Vehumet.
             Hit by a large rock thrown by a cyclops (19 damage)
             ... on level 10 of the Dungeon on Dec 23, 2021.
             The game lasted 00:31:13 (11423 turns).

pokeman the Thaumaturge (Deep Elf Hedge Wizard)    Turns: 11423, Time: 00:31:14

Health: -8/60      AC: 11    Str: 16    XL:     11   Next: 2%
Magic:  26/31      EV: 13    Int: 24    God:    Vehumet [**....]
Gold:   636        SH:  0    Dex: 17    Spells: 21/38 levels left

rFire   + . .      SeeInvis .   A - +6 flail "Coghir" {flame, Dex+3}
rCold   + . .      Faith    .   (no shield)
rNeg    + . .      Spirit   .   K - +3 leather armour of the Cockatrice {Str+3}
rPois   .          Reflect  .   g - +2 helmet
rElec   .          Harm     .   k - scarf {rC+ rF+}
rCorr   .          Rampage  .   w - +0 pair of gloves
Will    +....                   r - +0 pair of boots
Stlth   ++........              e - amulet of magic regeneration
HPRegen 0.20/turn               B - +6 ring of strength
MPRegen 0.62/turn               F - ring of positive energy

@: very slightly contaminated, studying Short Blades
A: no striking features
a: Renounce Religion


You were on level 10 of the Dungeon.
You worshipped Vehumet.
Vehumet was pleased with you.
You visited 2 branches of the dungeon, and saw 11 of its levels.

You collected 636 gold pieces.

Inventory:

Hand Weapons
 A - the +6 flail "Coghir" (weapon) {flame, Dex+3}
   (You found it on level 6 of the Dungeon)

   It burns those it strikes, dealing additional fire damage.
   Dex:       It affects your dexterity (+3).
 G - a +0 shortbow
 H - a +0 arbalest
Missiles
 b - 66 bolts
 i - 191 arrows
Armour
 g - a +2 helmet (worn)
 k - a scarf of resistance (worn)
 r - a +0 pair of boots (worn)
 w - a +0 pair of gloves (worn)
 x - a +0 buckler
 y - +0 acid dragon scales
 K - the +3 leather armour of the Cockatrice (worn) {Str+3}
   (You found it on level 8 of the Dungeon)

   Str:       It affects your strength (+3).
Magical Staves
 C - a staff of death
Jewellery
 d - an amulet of guardian spirit
 e - an amulet of magic regeneration (around neck)
 B - a +6 ring of strength (left hand)
 F - a ring of positive energy (right hand)
 J - a ring of protection from fire
Wands
 t - a wand of charming (11)
 D - a wand of iceblast (9)
 N - a wand of acid (5)
 P - a wand of flame (12)
 R - a wand of paralysis (5)
 S - a wand of polymorph (7)
Scrolls
 a - a scroll of enchant weapon {unknown}
 c - a scroll of summoning {unknown}
 f - 4 scrolls of fear {unknown}
 h - 6 scrolls of identify {unknown}
 j - a scroll of amnesia {unknown}
 q - 6 scrolls of teleportation {unknown}
 s - 2 scrolls of fog {unknown}
 v - a scroll of enchant armour {unknown}
 z - a scroll of immolation {unknown}
 I - 3 scrolls of brand weapon {unknown}
 M - a scroll of holy word {unknown}
 Q - a scroll of magic mapping {unknown}
 T - a scroll of blinking {unknown}
Potions
 l - a potion of degeneration {unknown}
 m - 2 potions of berserk rage {unknown}
 n - a potion of magic {unknown}
 o - 3 potions of curing {unknown}
 p - 5 potions of might {unknown}
 u - 2 potions of heal wounds {unknown}
 E - a potion of invisibility {unknown}
 L - a potion of brilliance {unknown}
 O - a potion of attraction {unknown}
 U - a potion of mutation {unknown}


   Skills:
 - Level 3.0 Fighting
 + Level 2.8 Armour
 - Level 3.0 Dodging
 - Level 3.0 Stealth
 - Level 4.0 Shields
 * Level 14.4 Spellcasting
 + Level 8.3 Conjurations
 - Level 1.1 Summonings
 - Level 1.0 Necromancy
 - Level 1.1 Translocations
 + Level 5.7 Fire Magic
 - Level 1.1 Air Magic
 - Level 5.0 Earth Magic
 - Level 1.0 Poison Magic
 - Level 1.0 Evocations


You had 21 spell levels left.
You knew the following spells:

 Your Spells              Type           Power      Damage    Failure   Level
a - Magic Dart            Conj           100%       1d8       1%          1
b - Mephitic Cloud        Conj/Pois/Air  34%        N/A       2%          3
c - Call Imp              Summ           22%        N/A       3%          2
d - Blink                 Tloc           44%        N/A       3%          2
e - Conjure Flame         Conj/Fire      50%        6-21      1%          3
f - Iron Shot             Conj/Erth      24%        9d5       36%         6

Your spell library contained the following spells:

 Spells                   Type           Power      Damage    Failure   Level
 Searing Ray              Conj           100%       2d8       1%          2
 Iskenderun's Battlesphe  Conj           55%        2d11      3%          5
 Slow                     Hex            68%        N/A       4%          1
 Ensorcelled Hibernation  Hex/Ice        34%        N/A       6%          2
 Gell's Gravitas          Tloc           22%        N/A       8%          3
 Lesser Beckoning         Tloc           22%        N/A       8%          3
 Teleport Other           Tloc           22%        N/A       8%          3
 Spider Form              Tmut/Pois      19%        N/A       10%         3
 Spellforged Servitor     Conj/Summ      20%        N/A       99%         7


Dungeon Overview and Level Annotations

Branches:
Dungeon (10/15)            Temple (1/1) D:5            Lair (0/6) D:9
    Orc: D:9-12

Altars:
Ashenzari
Cheibriados
Dithmenos
Elyvilon
Fedhas
Gozag
Hepliaklqana
Kikubaaqudgha
Makhleb
Nemelex Xobeh
Okawaru
Qazlal
Ru
Sif Muna
Trog
Uskayaw
Vehumet
Wu Jian
Xom
Yredelemnul
Zin
The Shining One
Jiyva

Annotations:
D:9 3 runed translucent doors, bobojojo's ghost, novice DsNe
D:10 Urug


Message History

There is an open door here.
b - 66 bolts (gained 2)
You open the door.
Urug the Orcish Ballista comes into view.
She is wielding a +5 glaive.
Urug shouts!
Urug moves out of view.
Casting: Conjure Flame (safe; 1% risk of failure)
Confirm with . or Enter, or press ? or * to list all spells.
The fire begins to smoulder!
The fire ignites!
Casting: Conjure Flame (safe; 1% risk of failure)
Confirm with . or Enter, or press ? or * to list all spells.
The fire begins to smoulder!
Urug hits you from afar with a +5 glaive!!
Ouch! That really hurt!
The fire ignites!
Casting: Conjure Flame (safe; 1% risk of failure)
Confirm with . or Enter, or press ? or * to list all spells.
Aiming: Mephitic Cloud (dangerous; 2% risk of failure)
Press: ? - help, Shift-Dir - straight line, f - Urug
Aim: Urug, wielding a +5 glaive, wearing a +0 scale mail and quivering javelins (chance to affect: 58%)
You miscast Mephitic Cloud.
You are very lightly contaminated with residual magic.
Nothing appears to happen.
Urug misses you.
Casting: Mephitic Cloud (dangerous; 2% risk of failure)
Confirm with . or Enter, or press ? or * to list all spells.
Aiming: Mephitic Cloud (dangerous; 2% risk of failure)
Press: ? - help, Shift-Dir - straight line, f/p - Urug
Aim: Urug, wielding a +5 glaive, wearing a +0 scale mail and quivering javelins (chance to affect: 58%)
The ball explodes into a vile cloud!
The stinking cloud engulfs Urug but does no damage.
Urug is engulfed in noxious fumes.
Urug hits you from afar with a +5 glaive!
* * * LOW HITPOINT WARNING * * *
Unknown command.
Urug is engulfed in noxious fumes.
Urug appears confused.
Urug is engulfed in blazing flames.
The cyclops shouts!
The cyclops throws a large rock.
The large rock hits you!!
You die...

...........................##..##
(..............................+
....###############......#######
....#........... #...##.#....#
...)#.......... #...##(#....#
....#......... #......'....#
..[.#........ #......#....#
....#....##'#######......######
..††#....#.§§...@........#....#
....†....#.○.............#....#
....#....#...o.........C('....#
..†.#....#.#######.......#....#
....#....#.# #.......#....#
....+....#.#######...###.#....#
.##.######...............#....+ .
#.############'###'#####....# .
..#................# ....#


You could see Urug (confused) and a cyclops.

Vanquished Creatures
  Erolcha (D:10)
  2 two-headed ogres
  A hornet (D:9)
  12 yaks (D:10)
  A wraith (D:10)
  2 steam dragons
  An acid dragon (D:9)
  2 water moccasins
  3 ice beasts
  3 orc warriors
  A sky beast (D:6)
  A black bear (D:5)
  A necrophage (D:7)
  2 ogres
  4 centaurs
  3 kobold brigands (D:9)
  2 phantoms (D:5)
  4 scorpions
  A wyvern skeleton (D:6)
  A killer bee (D:9)
  13 wights
  A howler monkey (D:10)
  A bullfrog zombie (D:5)
  3 hounds
  2 jellies
  A bullfrog skeleton (D:5)
  2 centaur zombies (D:9)
  2 orc priests
  2 centaur skeletons
  Natasha (thrice) (D:3)
  3 iguanas
  4 orc wizards
  A hound skeleton (D:4)
  A howler monkey skeleton (D:6)
  3 gnolls (D:3)
  6 adders
  2 white imps
  2 dart slugs
  19 orcs
  4 bats
  5 endoplasms
  2 giant cockroaches (D:1)
  5 goblins
  5 hobgoblins
  6 jackals
  27 kobolds
  4 quokkas (D:1)
  4 ball pythons
  2 ball python skeletons (D:2)
  3 ball python zombies (D:2)
  2 frilled lizards
  A giant cockroach zombie (D:2)
  11 rats (D:1)
200 creatures vanquished.

Vanquished Creatures (collateral kills)
  A hound (D:6)
1 creature vanquished.

Vanquished Creatures (others)
  2 fungi (D:9)
  A plant (D:9)
3 creatures vanquished.

Grand Total: 204 creatures vanquished

Notes
Turn   | Place    | Note
-------+----------+-------------------------------------------
     0 | D:1      | pokeman the Deep Elf Hedge Wizard began the quest for the
                  | Orb.
     0 | D:1      | Reached XP level 1. HP: 10/10 MP: 7/7
   383 | D:1      | Reached XP level 2. HP: 16/16 MP: 7/9
   749 | D:1      | Reached skill level 5 in Spellcasting
   962 | D:1      | Reached XP level 3. HP: 20/20 MP: 7/11
   966 | D:1      | Learned a level 3 spell: Mephitic Cloud
   969 | D:1      | Learned a level 2 spell: Call Imp
   972 | D:1      | Learned a level 2 spell: Blink
   976 | D:1      | Learned a level 3 spell: Conjure Flame
  1623 | D:2      | Reached skill level 1 in Armour
  2044 | D:2      | Reached skill level 1 in Fighting
  2204 | D:2      | Found a faded altar of an unknown god.
  2951 | D:3      | Reached XP level 4. HP: 25/25 MP: 8/13
  3270 | D:3      | Noticed Natasha
  3278 | D:3      | Killed Natasha
  3279 | D:3      | Reached skill level 1 in Fire Magic
  3441 | D:3      | Noticed Natasha
  3450 | D:3      | Killed Natasha
  3451 | D:3      | Reached skill level 6 in Spellcasting
  3451 | D:3      | Reached XP level 5. HP: 28/29 MP: 13/15
  3517 | D:3      | Noticed Natasha
  3525 | D:3      | Killed Natasha
  3636 | D:4      | Reached skill level 1 in Air Magic
  3698 | D:4      | Reached XP level 6. HP: 33/34 MP: 12/17
  3775 | D:4      | Reached skill level 7 in Spellcasting
  3775 | D:4      | Reached skill level 1 in Poison Magic
  3932 | D:4      | Found an ancient bone altar of Kikubaaqudgha.
  4045 | D:4      | Learned a level 6 spell: Iron Shot
  4551 | D:5      | Entered Level 5 of the Dungeon
  4568 | D:5      | Reached XP level 7. HP: 18/39 MP: 11/20
  4744 | D:5      | Reached skill level 1 in Earth Magic
  4805 | D:5      | Found a staircase to the Ecumenical Temple.
  4815 | Temple   | Entered the Ecumenical Temple
  4930 | Temple   | Became a worshipper of Vehumet
  5199 | D:5      | Reached skill level 8 in Spellcasting
  5869 | D:6      | You fall into a shaft and drop 1 floor!
  5992 | D:6      | Reached skill level 1 in Evocations
  6024 | D:6      | Reached XP level 8. HP: 22/44 MP: 8/22
  6197 | D:6      | Reached skill level 9 in Spellcasting
  6252 | D:6      | Identified the +6 flail "Coghir" {flame, Dex+3}
  6585 | D:6      | Reached skill level 1 in Necromancy
  6616 | D:6      | Reached * piety under Vehumet
  6616 | D:6      | Offered knowledge of Sandblast by Vehumet.
  6683 | D:6      | Reached skill level 1 in Shields
  6683 | D:6      | Reached skill level 5 in Conjurations
  7216 | D:7      | Reached skill level 10 in Spellcasting
  7522 | D:7      | Reached XP level 9. HP: 48/48 MP: 22/25
  7698 | D:7      | Reached skill level 11 in Spellcasting
  8364 | D:8      | Identified the +3 leather armour of the Cockatrice {Str+3}
  8563 | D:8      | Noticed a two-headed ogre
  8574 | D:8      | Killed a two-headed ogre
  8610 | D:8      | Reached skill level 12 in Spellcasting
  9309 | D:9      | Noticed a two-headed ogre
  9319 | D:9      | Killed a two-headed ogre
  9320 | D:9      | Reached XP level 10. HP: 53/53 MP: 22/28
  9541 | D:9      | Found a staircase to the Lair.
  9586 | D:9      | Reached skill level 5 in Earth Magic
  9601 | D:9      | Reached ** piety under Vehumet
  9615 | D:9      | Offered knowledge of Freeze by Vehumet.
  9728 | D:9      | Reached skill level 13 in Spellcasting
 10365 | D:9      | Found a runed translucent gate.
 10365 | D:9      | Found a runed translucent gate.
 10365 | D:9      | Found a runed translucent gate.
 10367 | D:9      | Noticed bobojojo's ghost (novice DsNe)
 10713 | D:9      | Found a viscous altar of Jiyva.
 10731 | D:9      | Upgraded the game from 0.28-a0-1227-ga9037bb4c8 to
                  | 0.28-a0-1234-g826d19b2e0
 10732 | D:10     | Entered Level 10 of the Dungeon
 10732 | D:10     | Noticed a cyclops
 11018 | D:10     | Reached skill level 5 in Fire Magic
 11078 | D:10     | Identified the +1 robe "Zorys" {*Slow +Blink Str-4 Int+10}
 11099 | D:10     | Offered knowledge of Searing Ray by Vehumet.
 11102 | D:10     | Reached skill level 14 in Spellcasting
 11205 | D:10     | Noticed Erolcha
 11226 | D:10     | Killed Erolcha
 11227 | D:10     | Reached XP level 11. HP: 50/60 MP: 27/31
 11411 | D:10     | Noticed Urug
 11423 | D:10     | Hit by a large rock thrown by a cyclops

Illustrated notes

Levels and vault maps discovered:
D:1:      dpeg_arrival_boxes_within_box, layout_loops_ring,
          minmay_rat_gold_closets
D:2:      layout_basic, shapermc_ecumenical_altar_venn, serial_undead,
          serial_undead_c, serial_undead_c, serial_undead_a, serial_undead_c,
          hangedman_glass_teeth
D:3:      layout_basic, uniq_natasha
D:4:      layout_loops_cross, nicolae_kikubaaqudgha_miasma_corner, minmay_puff
D:5:      nicolae_cairo_tiling, layout_basic, minmay_temple_entry_mini_moons
D:6:      layout_basic
D:7:      layout_loops_ring, minmay_manual_macuahuitl
D:8:      layout_loops_ring, serial_bayou_pond_e
D:9:      layout_roguey, dpeg_oklobed_lair, gammafunk_ghost_ooze,
          grunt_ministairs_2, serial_bayou_pond_d, minmay_increasing_density
D:10:     layout_stronghold, enter_trove_3, uniq_urug, uniq_josephine,
          uniq_erolcha
Temple:   kilobyte_greek_temple

Skill      XL: |  1  2  3  4  5  6  7  8  9 10 |
---------------+-------------------------------+-----
Spellcasting   | 5 6 7 8 10 12 14 | 14.4
Armour         | 1 2 |  2.8
Fighting       | 1 2 3 |  3.0
Conjurations   | 2 3 4 5 7 8 |  8.3
Fire Magic     | 1 2 3 4 5 |  5.7
Dodging        | 3 |  3.0
Air Magic      | 1 |  1.1
Stealth        | 3 |  3.0
Poison Magic   | 1 |  1.0
Earth Magic    | 2 3 4 5 |  5.0
Evocations     | 1 |  1.0
Necromancy     | 1 |  1.0
Shields        | 2 3 4 |  4.0
Summonings     | |  1.1
Translocations | |  1.1

Action                   |  1- 3 |  4- 6 |  7- 9 | 10-12 || total
-------------------------+-------+-------+-------+-------++-------
Melee: Dagger            |    13 |       |       |       ||    13
       Mace              |       |    24 |    15 |       ||    39
       Flail             |       |       |    43 |    43 ||    86
 Fire: Arbalest          |       |       |       |    11 ||    11
 Cast: Magic Dart        |   140 |    52 |   211 |   128 ||   531
       Mephitic Cloud    |       |    13 |    15 |    18 ||    46
       Call Imp          |       |     1 |     5 |     2 ||     8
       Conjure Flame     |       |     6 |    29 |    25 ||    60
       Blink             |       |       |     3 |     1 ||     4
 Stab: Confused          |       |       |     2 |     5 ||     7
Armor: Robe              |     9 |       |       |       ||     9
       Leather armour    |     2 |     9 |    25 |    26 ||    62
Dodge: Dodged            |    29 |    23 |    40 |    44 ||   136

Table legend: (Time is in decaauts)
 A = Elapsed time spent in this place.
 B = Non-inter-level travel time spent in this place.
 C = Inter-level travel time spent in this place.
 D = Time resting spent in this place.
 E = Time spent auto-exploring this place.
 F = Levels seen in this place.
 G = Mean time per level.
                   A        B        C        D        E       F      G
               +--------+--------+--------+--------+--------+-----+--------+
         Total |  11484 |  11174 |    310 |    788 |   8309 |  11 | 1044.0 |
       Dungeon |  11328 |  11057 |    271 |    788 |   8209 |  10 | 1132.8 |
        Temple |    155 |    116 |     39 |      0 |    100 |   1 |  155.0 |
               +--------+--------+--------+--------+--------+-----+--------+

Top non-repeatable levels by time:
     D:9: 1879 daAuts
     D:1: 1462 daAuts
     D:2: 1456 daAuts
     D:7: 1253 daAuts
     D:5: 1167 daAuts
     D:6: 1099 daAuts
     D:4: 1010 daAuts
     D:8: 887 daAuts
     D:3: 629 daAuts
    D:10: 484 daAuts
  Temple: 155 daAuts
